 Dungeon Crawl Stone Soup version 0.21-a0-361-g4efd3f9 (webtiles) character file.

100 Irenicus the Insei (level 4, -4/31 HPs)
             Began as an Octopode Chaos Knight on Oct 13, 2017.
             Killed by divine providence
             ... invoked by an orc priest
              (10 damage)
             ... on level 4 of the Dungeon.
             The game lasted 00:03:58 (2971 turns).

Irenicus the Insei (Octopode Chaos Knight)          Turns: 2971, Time: 00:03:59

Health: -4/31      AC:  1    Str: 11    XL:     4   Next: 73%
Magic:  4/4        EV: 13    Int: 14    God:    Xom [.....*]
Gold:   150        SH:  0    Dex: 12    Spells: 3/3 levels left

rFire    + . .     SeeInvis .     - Unarmed
rCold    . . .     Gourm    .   (no shield)
rNeg     . . .     Faith    .   (helmet restricted)
rPois    .         Spirit   .   (no amulet)
rElec    .         Reflect  .   i - ring of protection from fire
rCorr    .         Harm     .   (no ring)
MR       .....     Clarity  +   (no ring)
Stlth    ++........             (no ring)
HPRegen  0.10/turn              (no ring)
MPRegen  0.09/turn              (no ring)
                                (no ring)
                                (no ring)

@: no status effects
A: almost no armour, stealthy swim, amphibious, 8 rings, constrict 8, camouflage
1, clarity, gelatinous body 1
a: Renounce Religion


You were on level 4 of the Dungeon.
You worshipped Xom.
You were Xom's teddy bear.
You were not hungry.

You visited 1 branch of the dungeon, and saw 4 of its levels.

You collected 150 gold pieces.

Inventory:

Hand Weapons
 p - the +3 hand axe of the Heart {chop, rElec rPois}
   (You found it on level 4 of the Dungeon)

   It inflicts extra damage upon your enemies.
   It insulates you from electricity.
   It protects you from poison.
Jewellery
 i - a ring of protection from fire (left tentacle)
Scrolls
 c - 4 scrolls of identify {unknown}
 d - 3 scrolls of remove curse {unknown}
 k - a scroll of recharging {unknown}
 m - a scroll of magic mapping {unknown}
Potions
 e - a potion of invisibility {unknown}
 h - a potion of might {unknown}
 j - a potion of magic {unknown}
 l - 2 potions of haste {unknown}
 n - 2 potions of mutation {unknown}
 o - 2 potions of degeneration {unknown}
Comestibles
 a - 4 bread rations
 b - a meat ration
 f - a royal jelly
 g - 5 fruits


   Skills:
 - Level 3.0 Fighting
 - Level 2.3 Dodging
 + Level 5.3 Unarmed Combat


You had 3 spell levels left.
You didn't know any spells.

Dungeon Overview and Level Annotations

Branches:
Dungeon (4/15)
 Temple: D:4-7

Altars:
Gozag
Xom


Innate Abilities, Weirdness & Mutations

You cannot wear most types of armour.
You are very stealthy in the water. (Stealth+)
You are amphibious.
You can wear up to eight rings at the same time.
You can use your tentacles to constrict eight enemies at once.
Your skin changes colour to match your surroundings (Stealth+).
Your rubbery body absorbs attacks. (AC +1, EV +1)
You possess an exceptional clarity of mind.


Message History

The worker ant poisons you!
You tentacle-slap the worker ant.
You kill the worker ant!
You feel your strength returning.
You feel sick.
You feel sick.
You start resting.
You feel sick. x7
Your butterfly disappears in a puff of smoke!
You feel sick.
Your butterfly disappears in a puff of smoke!
You feel sick.
Your butterfly disappears in a puff of smoke! x2
You feel sick.
You are no longer poisoned.
An orc and an orc priest come into view.
The orc priest shouts!
The orc priest mumbles some strange prayers to Beogh against you.
Beogh smites you!
You die...
Xom chuckles heartily!

#.................. ....
#.................. o...
#......##...###....
o....#......##.........#
o....#......#..........#
#...........#...........
........................
#............##.........
.......@.....##.........
.......########........#
....... #........#
....... #........#
....... .###... #...
#...


You could see an orc priest and 2 orcs.

Vanquished Creatures
  A worker ant (D:4)
  An adder (D:3)
  2 oozes
  An adder skeleton (D:2)
  2 dart slugs
  3 leopard geckos
  An orc (D:3)
  A bat (D:3)
  3 giant cockroaches
  11 goblins
  5 hobgoblins
  2 jackals (D:3)
  4 kobolds
  A quokka (D:4)
  A ball python (D:2)
  3 frilled lizards
  2 rats (D:2)
44 creatures vanquished.

Notes
Turn   | Place    | Note
-------+----------+-------------------------------------------
     0 | D:1      | Irenicus the Octopode Chaos Knight began the quest for the Orb.
     0 | D:1      | Reached XP level 1. HP: 16/16 MP: 1/1
   143 | D:1      | XOM: harmless Ice miscast
   558 | D:1      | Reached XP level 2. HP: 7/21 MP: 2/2
   596 | D:1      | XOM: summons 2 hostile shadow creatures
   632 | D:1      | XOM: scenery: 1 doors close
   725 | D:1      | XOM: mild Pois miscast
   988 | D:1      | XOM is BORED!
   988 | D:1      | XOM: stat loss: -3 Str (8/11)
  1317 | D:2      | Reached skill level 4 in Unarmed Combat
  1432 | D:2      | XOM: give mutation
  1432 | D:2      | Gained mutation: You possess an exceptional clarity of mind. [Xom's grace]
  1486 | D:2      | Reached XP level 3. HP: 20/26 MP: 3/3
  1574 | D:2      | XOM: scenery: create altars
  2202 | D:2      | XOM is BORED!
  2222 | D:2      | Found an opulent altar of Gozag.
  2417 | D:3      | Reached XP level 4. HP: 18/31 MP: 4/4
  2686 | D:3      | Reached skill level 5 in Unarmed Combat
  2787 | D:3      | XOM: scenery: create altars
  2813 | D:3      | XOM: scenery: 2 doors open
  2885 | D:4      | Got a steaming hand axe
  2886 | D:4      | Identified the +3 hand axe of the Heart {chop, rElec rPois} (You found it on level 4 of the Dungeon)
  2936 | D:4      | XOM: butterfly on damage
  2971 | D:4      | Killed from afar by an orc priest

Vault maps used:
D:1:      lemuel_arrival_lava_pool, lemuel_another_geyser
D:2:      marbit_many_paths
D:3:      grunt_decor_arrowhead
D:4:      first_bread

Skill      XL: |  1  2  3  4 |
---------------+-------------+-----
Unarmed Combat | 4 5 |  5.3
Fighting       | |  3.0
Dodging        | |  2.3

Action                   |  1- 3 |  4- 6 || total
-------------------------+-------+-------++-------
Melee: Unarmed           |    88 |    24 ||   112
       Constrict         |    27 |     7 ||    34
       Tentacles         |    14 |     2 ||    16
       Punch             |     4 |       ||     4
 Stab: Sleeping          |     4 |     3 ||     7
  Eat: Chunk             |     5 |     1 ||     6
Armor: Skin              |     8 |     1 ||     9
Dodge: Dodged            |    53 |    12 ||    65

Table legend:
 A = Spawn XP
 B = Non-spawn XP
 C = Spawn XP percentage of total XP
 D = Spawn monster count
 E = Non-spawn monster count
 F = Spawn count percentage of total count
 G = Total turns spent on level
                    A         B        C        D         E        F      G
               +---------+---------+-------+---------+---------+-------+---------
         Total |       0 |     143 |   0.0 |       0 |      44 |   0.0 |  2971
               +---------+---------+-------+---------+---------+-------+---------
           D:1 |       0 |      28 |   0.0 |       0 |      13 |   0.0 |  1316
           D:2 |       0 |      33 |   0.0 |       0 |      14 |   0.0 |  1011
           D:3 |       0 |      47 |   0.0 |       0 |      14 |   0.0 |   533
           D:4 |       0 |      35 |   0.0 |       0 |       3 |   0.0 |   111
               +---------+---------+-------+---------+---------+-------+---------
